 Dungeon Crawl Stone Soup version 0.29-a0-923-g6e406bff71 (webtiles) character file.

Game seed: 10592473581823238255

10 MirrMurr the Poker (level 2, 0/22 HPs)
             Began as a Demonspawn Gladiator on July 28, 2022.
             Succumbed to Jessica's poison
             ... on level 2 of the Dungeon.
             The game lasted 00:01:10 (887 turns).

MirrMurr the Poker (Demonspawn Gladiator)            Turns: 887, Time: 00:01:11

Health: 0/22       AC:  4    Str: 14    XL:     2   Next: 10%
Magic:  2/2        EV: 12    Int: 11    God:
Gold:   49         SH:  0    Dex: 14    Spells: 1/1 levels left

rFire   . . .      SeeInvis .   a - +0 trident
rCold   . . .      Faith    .   (no shield)
rNeg    . . .      Spirit   .   b - +0 leather armour
rPois   .          Reflect  .   c - +0 helmet
rElec   .          Harm     .   (no cloak)
rCorr   .          Rampage  .   (no gloves)
Will    .....                   (no boots)
Stlth   +.........              (no amulet)
HPRegen 0.07/turn               (no ring)
MPRegen 0.08/turn               (no ring)

@: lethally poisoned (0 -> -10)
A: big brain 1
a: no special abilities


You were on level 2 of the Dungeon.
You visited 1 branch of the dungeon, and saw 2 of its levels.

You collected 49 gold pieces.

Inventory:

Hand Weapons
 a - a +0 trident (weapon)
Missiles
 d - 3 throwing nets (quivered)
 e - a javelin
Armour
 b - a +0 leather armour (worn)
 c - a +0 helmet (worn)
Scrolls
 k - 2 scrolls of enchant weapon {unknown}
Potions
 f - a potion of attraction {unknown}
 g - a potion of brilliance {unknown}
 h - a potion of heal wounds {unknown}
 i - a potion of magic {unknown}
 j - 2 potions of invisibility {unknown}


   Skills:
 + Level 2.1 Fighting
 * Level 3.0 Polearms
 + Level 1.9 Throwing
 + Level 2.8 Dodging


You had one spell level left.
You didn't know any spells.
Your spell library was empty.

Dungeon Overview and Level Annotations

Branches:
Dungeon (2/15)

Altars:

Annotations:
D:2 Jessica


Innate Abilities, Weirdness & Mutations

You have an unusually large brain. (Int +2)


Message History

You now have 49 gold pieces (gained 8).
Done exploring.
Done exploring.
Search for what [? for help]? .
Unknown command.
Unknown command.
(D) Dungeon
Where to? (? - help)
Things that are here:
a +0 short sword; a kobold corpse
There is a stone staircase leading down here.
You climb downwards.
Jessica shouts!
Found 4 stones.
Found an escape hatch in the ceiling.
Found a stone staircase leading down.
There is a stone staircase leading up here.
There are monsters nearby!
Found a stone staircase leading down.
Jessica mumbles some strange words.
Jessica seems to speed up.
There is an escape hatch in the ceiling here.
Found a scroll labelled ABUANAS GURPHIT.
The bat barely misses you. The bat closely misses you.
There is an escape hatch in the ceiling here.
You hit Jessica.
Jessica is moderately wounded.
The bat barely misses you.
Jessica hits you with a +4 dagger of venom.
You are poisoned.
You closely miss Jessica.
Jessica is moderately wounded.
You feel very sick. The bat hits you. Jessica closely misses you.
Jessica points at you and mumbles some strange words.
Pain shoots through your body!
Ouch! That really hurt!
* * * LOW HITPOINT WARNING * * *
The giant cockroach closely misses you.
You die...

... ... #...
. #... ..
#..##### #.#.
#....<.#.....
#....@...#
#>.b@gB##....
#(#.#l#.# ##.
#.........
###.......#
.....>....
##.......#.#
..........#
##?......#.


You could see Jessica (fast), a giant cockroach, a goblin, a bat and a frilled
lizard.

Vanquished Creatures
  A ball python (D:1)
  An endoplasm (D:1)
  A hobgoblin (D:1)
  2 kobolds (D:1)
  2 bats (D:1)
  2 frilled lizards (D:1)
  A goblin (D:1)
10 creatures vanquished.

Notes
Turn   | Place    | Note
-------+----------+-------------------------------------------
     0 | D:1      | MirrMurr the Demonspawn Gladiator began the quest for the
                  | Orb.
     0 | D:1      | Reached XP level 1. HP: 16/16 MP: 1/1
   528 | D:1      | Gained mutation: You have an unusually large brain. (Int
                  | +2) [demonic ancestry]
   528 | D:1      | Reached XP level 2. HP: 22/22 MP: 2/2
   674 | D:1      | Reached skill level 3 in Polearms
   881 | D:2      | Noticed Jessica
   886 | D:2      | HP: 1/22 [Jessica/nerve-wracking pain (14)]
   887 | D:2      | Succumbed to Jessica's poison

Illustrated notes

Levels and vault maps discovered:
D:1:      amcnicky_arrival_gap_in_the_tavern_cellar, layout_loops_ring
D:2:      layout_rooms, serial_shops, nicolae_shop_advertising_works
          [nicolae_subvault_shop_adworks], chequers_ecumenical_altar_simple,
          st_stairs_4, minmay_misc_feat_tower, kennysheep_nondescript,
          uniq_jessica

Skill      XL: |  1  2 |
---------------+-------+-----
Polearms       | 3 |  3.0
Fighting       | |  2.1
Throwing       | |  1.9
Dodging        | |  2.8

Action                   || total
-------------------------++-------
Melee: Trident           ||    29
Armor: Leather armour    ||     3
Dodge: Dodged            ||    13

Table legend: (Time is in decaauts)
 A = Elapsed time spent in this place.
 B = Non-inter-level travel time spent in this place.
 C = Inter-level travel time spent in this place.
 D = Time resting spent in this place.
 E = Time spent auto-exploring this place.
 F = Levels seen in this place.
 G = Mean time per level.
                   A        B        C        D        E       F      G
               +--------+--------+--------+--------+--------+-----+--------+
         Total |    891 |    832 |     59 |      0 |    758 |   2 |  445.5 |
       Dungeon |    891 |    832 |     59 |      0 |    758 |   2 |  445.5 |
               +--------+--------+--------+--------+--------+-----+--------+

Top non-repeatable levels by time:
     D:1: 885 daAuts
     D:2: 6 daAuts
